cohdb
Replays
Latest Replays
All Replays
Popular Replays
Top Player Replays
Match Explorer
How It Works
Community
CoH3 Stats
Reddit
Sign in to upload your games and track your stats! →
Sign in with Steam
Match 42196562
Unlisted
Match 42196562
Overview
Messages
Build Orders
End
Royal Engineer Section
Construct Section Command Post
Dingo Light Scout Car
Infantry Section
Infantry Section
Infantry Section
Construct Platoon Command Post
Humber Armored Car
Selects Heavy Armor Battlegroup
Selects Light Vehicle Withdraw and Refit
Selects Rigorous Vehicle Training
Light Vehicle Withdraw and Refit
Grenade Package
Infantry Section
6-pounder Anti-tank Gun Team
Construct Field Infirmary
Infantry Training
Vickers Machine Gun Team
6-pounder Anti-tank Gun Team
6-pounder Anti-tank Gun Team
Selects Forward Repair Assembly
Selects UNKNOWN (2162094)
Construct Company Command Post
Foot Guards Section
Nostalgi@
Xandr27
0
0
Comments
sign in to comment!
No comments posted yet!